 Dungeon Crawl Stone Soup version 0.23-a0-309-ge7838e6 (webtiles) character file.

47 b5mith the Conjurer (level 3, -5/31 HPs)
             Began as a Troll Conjurer on Oct 11, 2018.
             Killed by divine providence
             ... invoked by an orc priest
              (12 damage)
             ... on level 3 of the Dungeon.
             The game lasted 00:05:15 (1332 turns).

b5mith the Conjurer (Troll Conjurer)                Turns: 1332, Time: 00:05:16

Health: -5/31      AC:  5    Str: 16    XL:     3   Next: 48%
Magic:  2/4        EV: 10    Int: 12    God:
Gold:   65         SH:  0    Dex: 10    Spells: 4/5 levels left

rFire    . . .     SeeInvis .   n - +1 short sword (elec)
rCold    . . .     Gourm    +   (no shield)
rNeg     . . .     Faith    .   a - +0 robe
rPois    +         Spirit   .   (helmet restricted)
rElec    .         Reflect  .   (no cloak)
rCorr    .         Harm     .   (gloves unavailable)
MR       .....                  (boots unavailable)
Stlth    ++........             (no amulet)
HPRegen  0.50/turn              l - ring of poison resistance
MPRegen  0.09/turn              (no ring)

@: no status effects
A: large, unfitting armour, claws 3, fast metabolism 3, gourmand, regeneration
1, shaggy fur 1, tough skin 2
a: no special abilities


You were on level 3 of the Dungeon.
You were not hungry.

You visited 1 branch of the dungeon, and saw 3 of its levels.

You collected 65 gold pieces.

Inventory:

Hand Weapons
 n - a +1 short sword of electrocution (weapon)
   (You took it off a kobold on level 2 of the Dungeon)
Armour
 a - a +0 robe (worn)
Jewellery
 l - a ring of poison resistance (left claw)
   (You found it on level 1 of the Dungeon)
Scrolls
 b - a scroll of remove curse {unknown}
 d - 3 scrolls of immolation {unknown}
 e - a scroll of magic mapping {unknown}
 k - 2 scrolls of teleportation {unknown}
 m - a scroll of enchant weapon {unknown}
Potions
 f - a potion of heal wounds {unknown}
 g - a potion of agility {unknown}
 i - a potion of ambrosia {unknown}
 j - a potion of haste {unknown}
Comestibles
 c - 2 rations


   Skills:
 - Level 1.5 Dodging
 + Level 1.5 Stealth
 + Level 1.7 Spellcasting
 + Level 3.3 Conjurations


You had 4 spell levels left.
You knew the following spells:

 Your Spells              Type           Power        Failure   Level  Hunger
a - Magic Dart            Conj           #...         7%          1    ##.....

Your spell library contained the following spells:

 Spells                   Type           Power        Failure   Level  Hunger
 Searing Ray              Conj           #.....       11%         2    ###....
 Dazzling Spray           Conj/Hex       #.....       38%         3    ####...
 Iskenderun's Mystic Bla  Conj           #.......     56%         4    #####..
 Force Lance              Conj/Tloc      #.......     80%         4    #####..
 Fulminant Prism          Conj/Hex       #.........   80%         4    #####..


Dungeon Overview and Level Annotations

Branches:
Dungeon (2/15)

Altars:


Innate Abilities, Weirdness & Mutations

You are too large for most types of armour.
You have claws for hands.
Your metabolism is lightning-fast.
You like to eat raw meat.
Your natural rate of healing is unusually fast.
You are covered in fur. (AC +1)
You have very tough skin. (AC +2)


Message History

The shaft crumbles and collapses. 3 orcs and an orc priest come into view.
An orc is wielding a war axe of chopping.
The orc shouts! x2; The orc priest shouts!
The orc shouts!
Found a hand axe.
Casting: Magic Dart (safe; 8% risk of failure)
Confirm with . or Enter, or press ? or * to list all spells.
Aiming: Magic Dart (safe; 8% risk of failure)
Press: ? - help, Shift-Dir - straight line, f - orc priest
Aim: an orc priest, wearing a ring mail The magic dart hits the orc priest.
Casting: Magic Dart (safe; 8% risk of failure)
Confirm with . or Enter, or press ? or * to list all spells.
You don't know that spell.
You hit the orc. Lightning courses through the orc!
You kill the orc!
Casting: Magic Dart (safe; 7% risk of failure)
Confirm with . or Enter, or press ? or * to list all spells.
You don't know that spell.
Casting: Magic Dart (safe; 7% risk of failure)
Confirm with . or Enter, or press ? or * to list all spells.
Aiming: Magic Dart (safe; 7% risk of failure)
Press: ? - help, Shift-Dir - straight line, f/p - orc priest
Aim: an orc priest, wearing a ring mail The magic dart hits the orc priest.
The orc priest is lightly wounded.
A rat comes into view.
The orc priest barely misses you.
You hit the orc priest but do no damage.
The orc priest is lightly wounded.
The orc hits you from afar with a trident!
The orc priest calls down the wrath of Beogh upon you.
Beogh smites you!
Ouch! That really hurt!
* * * LOW HITPOINT WARNING * * *
You hit the orc priest.
Lightning courses through the orc priest!
The orc priest is severely wounded.
The orc priest barely misses you. The orc closely misses you.
You hit the orc priest.
The orc priest is almost dead.
The orc priest invokes the aid of Beogh against you.
Pain shoots through your body!
* * * LOW HITPOINT WARNING * * *
The rat barely misses you. The orc barely misses you.
You closely miss the orc priest.
The orc priest is almost dead.
The orc priest mumbles some strange prayers to Beogh against you.
Beogh smites you!
You die...

#.#)#####
#......#
##@##
#.or#
#o#o#
......
.##.####
.. .# ##
o# .# o#


You could see an orc priest, 2 orcs and a rat.

Vanquished Creatures
  2 oozes (D:1)
  A dart slug (D:1)
  2 leopard geckos (D:1)
  An orc (D:3)
  6 bats (D:1)
  3 giant cockroaches
  2 goblins (D:1)
  3 hobgoblins
  2 jackals (D:1)
  A quokka (D:2)
  3 kobolds
  4 rats
30 creatures vanquished.

Notes
Turn   | Place    | Note
-------+----------+-------------------------------------------
     0 | D:1      | b5mith the Troll Conjurer began the quest for the Orb.
     0 | D:1      | Reached XP level 1. HP: 16/16 MP: 1/1
    26 | D:1      | Reached skill level 3 in Conjurations
   127 | D:1      | Reached XP level 2. HP: 24/24 MP: 3/3
   442 | D:1      | Reached XP level 3. HP: 31/31 MP: 1/4
  1324 | D:2      | You fall through a shaft!
  1332 | D:3      | Killed from afar by an orc priest

Vault maps used:
D:1:      dpeg_arrival_three_smaller_balls
D:2:      nemelex_diamond_rough_becter, uniq_sigmund, uniq_crazy_yiuf_cottage
D:3:      lemuel_round_altar, first_ration, hex_tiny, small_statue_intersection,
          hangedman_feature_mirror, uniq_ijyb, uniq_terence

Skill      XL: |  1 |
---------------+----+-----
Conjurations   | 3 |  3.3
Dodging        | |  1.5
Stealth        | |  1.5
Spellcasting   | |  1.7

Action                   || total
-------------------------++-------
Melee: Unarmed           ||    98
       Short sword       ||    12
 Cast: Magic Dart        ||    32
  Eat: Chunk             ||    14
Armor: Robe              ||    72
Dodge: Dodged            ||    75

Table legend:
 A = Non-vault XP
 B = Vault XP
 C = Vault XP percentage of total XP
 D = Non-vault monster count
 E = Vault monster count
 F = Vault count percentage of total count
                 A         B        C        D         E       F
            +---------+---------+-------+---------+---------+-------
      Total |      68 |       0 |   0.0 |      30 |       0 |   0.0
            +---------+---------+-------+---------+---------+-------
        D:1 |      56 |       0 |   0.0 |      23 |       0 |   0.0
        D:2 |       9 |       0 |   0.0 |       6 |       0 |   0.0
        D:3 |       3 |       0 |   0.0 |       1 |       0 |   0.0
            +---------+---------+-------+---------+---------+-------
